 Dungeon Crawl Stone Soup version 0.31-a0-691-g409c26aa35 (webtiles) character file.

Game seed: 1582977165091780403

450 Joey1 the Chopper (level 6, -1/56 HPs)
             Began as a Minotaur Berserker on Sept 6, 2023.
             Was a Believer of Trog.
             Succumbed to a gnoll sergeant's poison
             ... on level 5 of the Dungeon.
             The game lasted 00:07:19 (3232 turns).

Joey1 the Chopper (Minotaur Berserker)              Turns: 3232, Time: 00:07:19

Health: -1/56      AC:  8    Str: 33    XL:     6   Next: 74%
Magic:  5/5        EV: 16    Int:  4    God:    Trog [**....]
Gold:   101        SH:  0    Dex:  7    Spells: 5/5 levels left

rFire   . . .        a - +0 hand axe
rCold   . . .        (no shield)
rNeg    . . .        z - +0 scale mail
rPois   .            (helmet restricted)
rElec   .            o - +0 cloak
rCorr   .            (no gloves)
SInv    .            (no boots)
Will    ++...        (no amulet) Stlth
                     j - ring "Puedgh" {EV+5 Str+10 Dex-3}
HPRegen 1.29/turn    w - +4 ring of slaying
MPRegen 0.09/turn

%: no passive effects
@: lethally poisoned (-1 -> -15), strong-willed, regenerating
A: horns 2, retaliatory headbutt, mutation resistance 1
a: Renounce Religion, Berserk, Trog's Hand


You were on level 5 of the Dungeon.
You worshipped Trog.
Trog was pleased with you.
You visited 1 branch of the dungeon, and saw 5 of its levels.

You collected 101 gold pieces.

Inventory:

Hand Weapons
 a - a +0 hand axe (weapon)
Missiles
 i - 10 poisoned darts
 t - 2 javelins
Armour
 b - a +0 animal skin
 l - a +0 leather armour
 o - a +0 cloak (worn)
 s - a +0 ring mail
 z - a +0 scale mail (worn)
Jewellery
 j - the ring "Puedgh" (left hand) {EV+5 Str+10 Dex-3}
   (You found it on level 2 of the Dungeon)

   [ring of evasion]

   EV+5:      It affects your evasion (+5).
   Str+10:    It affects your strength (+10).
   Dex-3:     It affects your dexterity (-3).
 w - a +4 ring of slaying (right hand)
 y - a ring of protection from fire
Scrolls
 c - a scroll of noise
 e - a scroll of immolation {unknown}
 g - a scroll of vulnerability {unknown}
 h - 4 scrolls of identify {unknown}
 k - a scroll of fear {unknown}
 n - a scroll of teleportation {unknown}
 p - a scroll of amnesia
 v - a scroll of enchant armour {unknown}
 x - a scroll of brand weapon {unknown}
Potions
 d - a potion of berserk rage {unknown}
 f - a potion of lignification {unknown}
 m - a potion of curing {unknown}
 r - 3 potions of mutation
 u - a potion of brilliance {unknown}


   Skills:
 - Level 5.0 Fighting
 + Level 6.2 Axes
 - Level 4.0 Armour
 - Level 5.0 Dodging


You had 5 spell levels left.
You didn't know any spells.
Your spell library was empty.

Dungeon Overview and Level Annotations

Branches:
Dungeon (5/15)
 Temple: D:4-7

Altars:


Innate Abilities, Weirdness & Mutations

You have a pair of horns on your head.
You reflexively headbutt those who attack you in melee.
You are somewhat resistant to further mutation.


Message History

Okay, then.
You feel very sick.
The gnoll sergeant attacks as it pursues you!
The gnoll sergeant misses you.
You feel very sick. The gnoll hits you with a +0 club.
* * * LOW HITPOINT WARNING * * *
The gnoll sergeant attacks as it pursues you!
The gnoll sergeant closely misses you.
You feel very sick. The gnoll attacks as it pursues you!
The gnoll closely misses you.
The gnoll sergeant attacks as it pursues you!
The gnoll sergeant hits you from afar with a +1 spear of venom.
* * * LOW HITPOINT WARNING * * *
You are lethally poisoned!
You feel much better.
You feel very sick.
The gnoll hits you from afar with a +0 halberd.
* * * LOW HITPOINT WARNING * * *
The gnoll sergeant hits you from afar with a +1 spear of venom.
* * * LOW HITPOINT WARNING * * *
You are more poisoned.
Okay, then.
As you read the scroll labelled VINEANKUTE, it crumbles to dust.
You hear a loud clanging noise!
It was a scroll of noise.
* * * LOW HITPOINT WARNING * * *
You feel very sick. The gnoll hits you but does no damage.
The gnoll closely misses you. The gnoll sergeant closely misses you.
As you read the scroll labelled IKAMUIG HOOGGO, it crumbles to dust.
It is a scroll of amnesia.
You feel forgetful for a moment.
* * * LOW HITPOINT WARNING * * *
You feel very sick. The gnoll closely misses you. The gnoll misses you.
The gnoll sergeant hits you from afar with a +1 spear of venom.
* * * LOW HITPOINT WARNING * * *
You are more poisoned.
You die...

####..#......
##...##.......
#....#........ .
#.#>........#. .⌠ ###
#.#######..###
..####.## ##.# #..# #
#...#..## #.## #.##
#.......####.# ##.#
#..g..@...# #..#
#....g....## ##.##
###..g..###..## #..#
##....(.## #...####..#
#...###..####........##
#..).##
#...##..........###
......###
##.......###.......##
.....# ###......###
###....... ....#
#.........## ##......


You could see a gnoll sergeant and 2 gnolls.

Vanquished Creatures
  A water moccasin (D:4)
  A black bear (D:5)
  A scorpion (D:4)
  3 hounds (D:5)
  An iguana (D:5)
  A gnoll (D:5)
  2 worms (D:2)
  2 dart slugs
  8 endoplasms
  2 giant cockroaches
  4 goblins
  6 hobgoblins
  7 jackals
  4 kobolds
  3 quokkas
  2 ball pythons (D:3)
  5 bats
  5 frilled lizards
  4 rats
62 creatures vanquished.

Notes
Turn   | Place    | Note
-------+----------+-------------------------------------------
     0 | D:1      | Joey1 the Minotaur Berserker began the quest for the Orb.
     0 | D:1      | Reached XP level 1. HP: 19/19 MP: 0/0
   242 | D:1      | Reached XP level 2. HP: 26/27 MP: 1/1
   695 | D:2      | Reached skill level 4 in Axes
   729 | D:2      | Identified the ring "Puedgh" {EV+5 Str+10 Dex-3}
   912 | D:2      | Reached XP level 3. HP: 30/33 MP: 2/2
   968 | D:2      | Reached ** piety under Trog
  2339 | D:4      | Noticed a scorpion
  2343 | D:4      | Killed a scorpion
  2344 | D:4      | Reached XP level 4. HP: 41/41 MP: 3/3
  2568 | D:4      | Noticed a water moccasin
  2573 | D:4      | Killed a water moccasin
  2574 | D:4      | Reached skill level 5 in Fighting
  2574 | D:4      | Reached skill level 5 in Axes
  2574 | D:4      | Reached XP level 5. HP: 48/48 MP: 4/4
  2886 | D:5      | Entered Level 5 of the Dungeon
  3012 | D:5      | Reached XP level 6. HP: 56/56 MP: 5/5
  3079 | D:5      | Reached skill level 6 in Axes
  3079 | D:5      | Reached skill level 5 in Dodging
  3215 | D:5      | Reached *** piety under Trog
  3224 | D:5      | Gained mutation: You are somewhat resistant to further
                  | mutation. [potion of mutation]
  3224 | D:5      | HP: 1/56 [gnoll sergeant/+1 spear of venom (3)]
  3232 | D:5      | Succumbed to a gnoll sergeant's poison

Illustrated notes

Levels and vault maps discovered:
D:1:      dpeg_arrival_boxes_within_box, layout_basic
D:2:      layout_basic
D:3:      layout_basic, kennysheep_cluttered_room, minmay_close_crescents
D:4:      layout_loops_ring
D:5:      nicolae_BIG_FREAKIN_CUBE, layout_layer_cave,
          minmay_temple_entry_junction

Skill      XL: |  1  2  3  4  5  6 |
---------------+-------------------+-----
Axes           | 4 5 6 |  6.2
Fighting       | 4 5 |  5.0
Armour         | 3 4 |  4.0
Dodging        | 3 4 5 |  5.0

Action                     |  1- 3 |  4- 6 || total
---------------------------+-------+-------++-------
  Melee: Hand axe          |    79 |    31 ||   110
         Headbutt          |     9 |     6 ||    15
 Invoke: Berserk           |     1 |     1 ||     2
         Trog's Hand       |       |     1 ||     1
    Use: Potion            |       |     3 ||     3
         Scroll            |       |     2 ||     2
 Armour: Animal skin       |    14 |       ||    14
         Ring mail         |    10 |     3 ||    13
         Leather armour    |     5 |       ||     5
         Scale mail        |       |    26 ||    26
  Dodge: Dodged            |    59 |    40 ||    99

Table legend: (Time is in decaauts)
 A = Elapsed time spent in this place.
 B = Non-inter-level travel time spent in this place.
 C = Inter-level travel time spent in this place.
 D = Time resting spent in this place.
 E = Time spent auto-exploring this place.
 F = Levels seen in this place.
 G = Mean time per level.
                   A        B        C        D        E       F      G
               +--------+--------+--------+--------+--------+-----+--------+
         Total |   3261 |   3037 |    224 |    111 |   2515 |   5 |  652.2 |
       Dungeon |   3261 |   3037 |    224 |    111 |   2515 |   5 |  652.2 |
               +--------+--------+--------+--------+--------+-----+--------+

Top non-repeatable levels by time:
     D:2: 868 daAuts
     D:4: 699 daAuts
     D:3: 683 daAuts
     D:1: 664 daAuts
     D:5: 346 daAuts
